Map: Royal Blood LE

Players

A.I. 2 (Very Easy) - Winner!

  • Race: Terran Terran
  • Spawn Location: 7:00

Demi

  • Race: Zerg Zerg
  • League: Master
  • Spawn Location: 1:00

VOD

Have the link to the VOD?

Description

ZvZ +1 roach opener

Time

  • Played on: Aug. 8, 2023, 9:38 a.m.
  • Length: 6:19
Show
View Real Time Build Order
Export as new Build Order

A.I. 2 (Very Easy) Terran - Winner!

Build Orders:  

Get SALT Encoding   

  12  0:00  SCV  
  13  0:13  SCV  
  14  0:18  Supply Depot  
  14  0:37  Refinery  
  14  0:41  Barracks  
  14  1:02  Supply Depot  
  14  1:11  Refinery  
  14  1:28  Barracks Tech Lab  
  14  1:29  Orbital Command  
  14  1:46  Marine  
  15  1:55  SCV  
  16  2:07  SCV  
  17  2:19  SCV  
  18  2:30  Marine  
  18  2:32  SCV  
  20  2:44  SCV  
  21  2:56  SCV  
  22  3:14  Marauder  
  24  5:38  Marine  
  24  5:41  Supply Depot  
  21  5:45  SCV  
  12  5:57  SCV  
Show
View Real Time Build Order
Export as new Build Order

Demi Zerg 

Build Orders: Hatch First 

Get SALT Encoding   

  12  0:00  Drone  
  13  0:13  Overlord  
  13  0:17  Drone  
  14  0:32  Drone x2  
  16  0:49  Hatchery  
  15  0:53  Drone  
  16  0:57  Drone  
  16  1:01  Drone  
  18  1:11  Extractor  
  18  1:15  Spawning Pool  
  18  1:17  Drone  
  17  1:20  Drone  
  18  1:28  Drone  
  19  1:39  Drone  
  20  1:50  Overlord  
  20  2:01  Queen x2  
  20  2:02  Drone  
  20  2:03  Zergling x2  
  26  2:11  Drone  
  26  2:15  Drone  
  28  2:23  Drone  
  28  2:24  Drone  
  30  2:33  Overlord  
  30  2:37  Queen, Drone  
  30  2:43  Lair  
  33  2:45  Drone x2  
  35  2:53  Evolution Chamber  
  35  2:55  Drone  
  35  2:56  Drone  
  35  3:07  Roach Warren  
  35  3:08  Overlord  
  35  3:12  Drone x5  
  39  3:17  Drone x2  
  41  3:21  Zerg Missile Weapons Level 1  
  41  3:25  Drone x2  
  43  3:31  Drone  
  43  3:32  Drone, Extractor x2  
  43  3:42  Overseer  
  43  3:44  Drone x4  
  43  3:46  Glial Reconstitution  
  47  3:48  Overlord  
  47  3:52  Drone  
  48  4:06  Roach  
  48  4:07  Hatchery, Roach  
  51  4:17  Overlord  
  51  4:19  Roach  
  51  4:20  Roach x3  
  51  4:21  Overlord  
  59  4:35  Overlord  
  59  4:38  Roach x4  
  67  4:47  Roach x2  
  67  4:52  Overlord x2  
  71  4:57  Roach x2  
  75  5:03  Roach  
  75  5:04  Roach x3  
  83  5:12  Roach  
  83  5:13  Roach  
  87  5:19  Evolution Chamber  
  86  5:22  Drone x5  
  86  5:27  Extractor  
  90  5:29  Drone x3  
  90  5:30  Drone  
  90  5:32  Drone x2  
  96  5:36  Drone  
  97  5:43  Drone x2  
  97  5:48  Drone  
  100  6:05  Drone x2  
Tags
 
League
Master
Matchup
TvZ
Player
Demi
Spawn Locations
Cross Positions
Add a new tag
Caveats
  • Supply blocks, unpowered buildings, or Contaminate may cause inaccurate times.
  • Supply counts are checked every 10 seconds.